Map: Ultralove

Players

NoPlan

  • Race: Protoss Protoss
  • League: Diamond
  • Spawn Location: 7:00

ManlyManMeat - Winner!

  • Race: Zerg Zerg
  • League: Diamond
  • Spawn Location: 1:00

VOD

Have the link to the VOD?

Description

Time

  • Played on: July 10, 2025, 9:40 a.m.
  • Length: 18:14
Show
View Real Time Build Order
Export as new Build Order

NoPlan Protoss 

Build Orders:  

Get SALT Encoding   

  12  0:00  Probe  
  13  0:13  Probe  
  14  0:21  Pylon  
  14  0:25  Probe  
  15  0:35  Probe  
  16  0:43  Probe  
  16  0:45  Gateway  
  17  1:00  Probe  
  18  1:08  Forge  
  18  1:13  Probe  
  19  1:19  Assimilator  
  20  1:25  Probe  
  20  1:37  Probe  
  20  1:39  Cybernetics Core  
  21  1:53  Nexus  
  21  1:57  Pylon, Zealot  
  23  2:15  Probe  
  24  2:18  Warp Gate  
  24  2:21  Photon Cannon  
  24  2:27  Probe  
  24  2:29  Assimilator  
  25  2:39  Probe  
  25  2:41  Adept  
  28  2:46  Pylon  
  28  2:53  Probe  
  29  3:06  Photon Cannon  
  29  3:08  Probe  
  29  3:10  Probe  
  31  3:19  Probe  
  31  3:21  Stargate  
  31  3:23  Probe  
  33  3:29  Probe  
  34  3:36  Probe  
  35  3:44  Probe  
  36  3:49  Nexus  
  36  3:51  Probe  
  37  4:02  Probe, Twilight Council  
  38  4:06  Void Ray  
  38  4:10  Probe  
  38  4:11  Probe  
  38  4:14  Protoss Ground Weapons Level 1  
  44  4:23  Shield Battery  
  44  4:25  Probe  
  44  4:27  Probe, Stalker  
  48  4:40  Probe, Assimilator  
  48  4:43  Probe  
  50  4:50  Protoss Air Weapons Level 1  
  50  4:55  Probe x2  
  50  4:59  Assimilator  
  52  5:07  Probe x2  
  52  5:08  Probe  
  52  5:12  Gateway  
  55  5:15  Charge  
  55  5:16  Gateway  
  55  5:19  Probe x2  
  57  5:27  Probe  
  58  5:31  Probe x2  
  60  5:36  Robotics Facility x2  
  60  5:38  Gateway  
  60  5:39  Probe  
  60  5:40  Gateway  
  61  5:45  Pylon, Probe  
  61  5:46  Probe  
  61  5:48  Assimilator  
  63  5:50  Pylon  
  63  5:52  Assimilator  
  63  5:53  Probe  
  64  5:58  Probe  
  64  6:02  Probe  
  66  6:05  Probe  
  67  6:18  Probe x2  
  69  6:21  Pylon  
  69  6:25  Void Ray  
  69  6:26  Pylon  
  69  6:28  Observer x2, Probe  
  69  6:30  Probe  
  77  6:40  Robotics Bay  
  77  6:44  Immortal, Pylon  
  77  6:48  Shield Battery, Photon Cannon  
  77  6:51  Gateway  
  77  6:52  Probe x3  
  77  6:53  Immortal  
  80  6:54  Photon Cannon  
  86  7:01  Zealot  
  86  7:02  Zealot  
  90  7:13  Gateway, Void Ray  
  90  7:15  Immortal  
  86  7:43  Zealot  
  86  7:44  Zealot x2  
  86  7:45  Zealot x2  
  78  8:01  Pylon  
  78  8:03  Zealot x3  
  71  8:17  Colossus, Zealot x2  
  71  8:18  Colossus  
  75  8:28  Pylon, Void Ray  
  75  8:32  Pylon  
  91  8:34  Extended Thermal Lance  
  91  8:40  Probe x3  
  94  8:52  Probe x3  
  88  8:57  Zealot x3  
  88  8:58  Zealot x3  
  92  9:18  Colossus  
  92  9:19  Pylon  
  92  9:25  Colossus  
  92  9:39  Pylon  
  92  9:42  Pylon  
  92  9:45  Nexus  
  92  9:51  Templar Archives  
  92  10:02  Gateway x2  
  92  10:09  Zealot x4  
  92  10:10  Immortal, Zealot  
  102  10:18  Psionic Storm  
  106  10:32  High Templar  
  106  10:33  High Templar  
  106  10:35  High Templar  
  112  10:37  High Templar  
  114  10:46  Probe  
  114  10:47  Probe  
  114  10:49  High Templar  
  118  10:52  Colossus  
  118  10:58  Probe  
  118  10:59  Probe  
  120  11:04  High Templar x3  
  132  11:27  Assimilator  
  132  11:28  Assimilator  
  132  11:33  Pylon  
  132  11:34  Pylon  
  132  11:35  Pylon  
  132  11:37  Pylon  
  132  11:38  Pylon  
  132  11:42  Gravitic Boosters  
  132  11:44  Probe  
  133  11:51  Probe x2  
  133  11:53  Stalker x4  
  143  12:04  Zealot x2  
  143  12:05  Zealot x2  
  151  12:28  High Templar  
  151  12:29  High Templar x5  
  163  12:34  Archon x3  
  163  12:38  Stalker x2  
  167  12:50  Forge  
  167  12:51  Stargate  
  133  13:34  High Templar x4  
  126  13:36  Colossus, Protoss Ground Armor Level 1  
  126  13:37  Probe  
  126  13:38  Colossus  
  131  13:41  Pylon  
  131  13:42  Archon  
  131  13:43  Archon  
  131  13:48  Pylon  
  131  13:49  Probe  
  144  13:57  Zealot x2  
  144  13:58  Probe  
  144  13:59  Probe  
  144  14:01  Probe  
  144  14:02  Assimilator  
  151  14:06  Zealot  
  151  14:07  Zealot x3  
  159  14:10  Probe  
  159  14:11  Probe  
  159  14:13  Probe  
  162  14:17  Photon Cannon  
  162  14:20  Shield Battery, Photon Cannon  
  162  14:21  Shield Battery, Photon Cannon  
  162  14:22  Probe  
  162  14:23  Probe  
  164  14:25  Probe  
  164  14:30  Observer x2  
  165  14:31  Fleet Beacon  
  165  14:34  Probe  
  165  14:35  Probe  
  139  15:08  Immortal, Stalker  
  139  15:09  Stalker x5  
  139  15:13  Immortal  
  157  15:28  Probe, Protoss Shields Level 1  
  157  15:29  Probe  
  159  15:55  High Templar x2  
  163  16:01  Zealot  
  163  16:02  Zealot x3  
  141  16:30  Zealot x4  
  141  16:31  Zealot  
  150  16:46  Dark Shrine  
  150  17:11  Nexus  
  150  17:13  Pylon  
  150  17:32  Pylon  
  72  18:00  Zealot  
  72  18:02  Dark Templar x4  
  72  18:03  Dark Templar  
Show
View Real Time Build Order
Export as new Build Order

ManlyManMeat Zerg - Winner!

Build Orders: Hatch First, Roach Hydra 

Get SALT Encoding   

  12  0:00  Drone  
  13  0:07  Drone  
  14  0:14  Drone, Extractor  
  15  0:21  Overlord  
  15  0:41  Drone  
  16  0:47  Hatchery  
  15  0:50  Drone  
  15  0:54  Drone  
  17  0:58  Drone  
  18  1:04  Drone  
  18  1:09  Extractor  
  18  1:19  Spawning Pool  
  17  1:29  Drone x2  
  19  1:37  Drone  
  20  1:50  Drone  
  21  2:02  Overlord  
  21  2:10  Queen x2  
  21  2:11  Zergling x2  
  21  2:12  Zergling x2  
  27  2:15  Drone  
  28  2:30  Hatchery  
  28  2:33  Drone  
  28  2:36  Drone  
  29  2:46  Drone  
  29  2:47  Overlord  
  29  2:49  Overlord  
  30  2:57  Drone x2  
  32  2:59  Drone  
  32  3:05  Queen  
  33  3:08  Drone  
  33  3:10  Drone  
  37  3:15  Drone  
  37  3:17  Drone  
  39  3:26  Drone x3  
  43  3:27  Drone  
  43  3:32  Drone  
  43  3:33  Drone  
  44  3:36  Drone  
  44  3:37  Roach Warren  
  44  3:41  Lair  
  44  3:53  Extractor  
  43  3:56  Queen x2  
  43  3:58  Overlord  
  47  4:05  Spore Crawler  
  47  4:07  Spore Crawler  
  45  4:14  Overlord  
  45  4:15  Drone  
  45  4:16  Drone  
  46  4:27  Drone x2  
  46  4:28  Evolution Chamber  
  46  4:30  Drone x3  
  50  4:31  Queen  
  50  4:32  Drone x2  
  54  4:44  Zergling x8  
  54  4:45  Zergling x2  
  59  4:52  Evolution Chamber, Extractor  
  57  4:53  Drone x3  
  57  4:54  Drone x2, Extractor  
  57  4:55  Drone  
  57  4:57  Drone x2  
  64  5:00  Spore Crawler  
  63  5:16  Roach, Zerg Missile Weapons Level 1  
  63  5:17  Hydralisk Den  
  63  5:18  Zerg Ground Armor Level 1  
  64  5:26  Overlord x3  
  64  5:30  Overseer  
  64  5:34  Zergling x2  
  64  5:35  Overlord  
  65  5:38  Glial Reconstitution  
  65  5:44  Drone x2  
  65  5:45  Drone  
  68  5:53  Roach x7  
  82  6:04  Hydralisk  
  82  6:05  Hydralisk  
  86  6:15  Drone  
  86  6:16  Drone x2  
  86  6:17  Overlord x2  
  89  6:19  Muscular Augments  
  89  6:22  Hatchery  
  88  6:30  Overlord x2  
  88  6:44  Hydralisk x3  
  88  6:45  Hydralisk x4  
  102  6:56  Roach  
  102  6:57  Roach x4  
  112  7:03  Hydralisk  
  112  7:04  Zergling x8  
  118  7:17  Drone x3, Overlord  
  118  7:18  Overlord  
  121  7:23  Grooved Spines  
  120  7:31  Hydralisk  
  120  7:32  Hydralisk  
  120  7:43  Hydralisk x6  
  120  7:58  Hydralisk x3  
  120  8:00  Zergling x14  
  104  8:17  Drone x4  
  108  8:22  Hydralisk x2  
  108  8:25  Zerg Missile Weapons Level 2  
  112  8:31  Drone  
  112  8:32  Extractor  
  112  8:34  Overseer  
  112  8:36  Extractor  
  112  8:37  Hydralisk x2  
  115  8:50  Hydralisk x3  
  115  8:55  Hatchery  
  117  9:11  Zergling x10  
  117  9:12  Zergling x10  
  117  9:15  Drone x2, Hydralisk x3  
  117  9:16  Hydralisk x3  
  123  9:38  Infestation Pit  
  121  9:59  Zerg Ground Armor Level 2  
  121  10:02  Overlord  
  121  10:03  Overlord x3  
  121  10:05  Drone  
  121  10:06  Drone x3  
  125  10:07  Drone x2  
  125  10:10  Extractor  
  125  10:12  Extractor  
  125  10:20  Hive  
  125  10:35  Drone  
  125  10:36  Drone x7  
  125  10:37  Drone, Overlord x4  
  134  10:54  Spire  
  134  10:55  Zerg Melee Weapons Level 1  
  134  10:56  Zergling x12  
  139  11:23  Overseer x2, Overlord x2  
  139  11:35  Ultralisk Cavern  
  139  11:36  Drone x3  
  139  11:37  Drone x3  
  144  12:13  Greater Spire  
  144  12:14  Hydralisk x6  
  144  12:15  Hydralisk x6  
  168  12:16  Zergling x52  
  168  12:17  Zergling x2  
  195  12:44  Queen  
  195  12:48  Adrenal Glands  
  195  12:49  Zerg Ground Armor Level 3  
  195  13:15  Unknown  
  191  13:25  Ultralisk x4  
  177  13:38  Ultralisk x3  
  177  13:39  Corruptor  
  177  13:40  Corruptor  
  199  13:47  Chitinous Plating  
  145  15:01  Ultralisk x10  
  175  15:10  Corruptor x2  
  176  15:14  Zergling x2  
  176  15:15  Zergling x46  
  200  15:22  Anabolic Synthesis  
  194  16:26  Brood Lord x2  
  197  16:39  Corruptor x2  
  198  17:04  Overseer  
  198  17:24  Hatchery  
  198  17:26  Hatchery  
  196  17:37  Hatchery  
  196  17:38  Hatchery  
  190  17:46  Zergling x12  
  190  17:47  Zergling x4, Roach x3  
Tags
 
Composition
Roach Hydra
Matchup
PvZ
Replay Pack
Myownreplay2
Spawn Locations
Cross Positions
Add a new tag
Caveats
  • Supply blocks, unpowered buildings, or Contaminate may cause inaccurate times.
  • Supply counts are checked every 10 seconds.